 Dungeon Crawl Stone Soup version 0.24-a0-525-g9231cdcba1 (webtiles) character file.

Game seed: 14319762618726098975

62954 Froggeryz the Executioner (level 14, -8/113 HPs)
             Began as a Minotaur Fighter on Aug 1, 2019.
             Was the Champion of Okawaru.
             Killed from afar by a gargoyle (10 damage)
             ... with a stone arrow
             ... on level 12 of the Dungeon.
             The game lasted 00:34:24 (18409 turns).

Froggeryz the Executioner (Minotaur Fighter)       Turns: 18409, Time: 00:34:25

Health: -8/113     AC: 30    Str: 24    XL:     14   Next: 66%
Magic:  19/19      EV:  8    Int:  8    God:    Okawaru [******]
Gold:   1351       SH:  0    Dex: 12    Spells: 13/13 levels left

rFire    . . .     SeeInvis .   H - +2 battleaxe (freeze)
rCold    + + +     Gourm    .   (shield currently unavailable)
rNeg     . . .     Faith    .   A - +9 chain mail of the Prince of Darkness {rElec}
rPois    +         Spirit   .   T - +2 hat
rElec    +         Reflect  .   K - +2 cloak {rPois}
rCorr    .         Harm     .   (no gloves)
MR       +....                  L - +0 pair of boots "Muril" {rC++ Int+3}
Stlth    ..........             q - amulet of regeneration
HPRegen  0.68/turn              U - ring of protection from cold
MPRegen  0.16/turn              O - +3 ring of protection

@: berserk cooldown, slowed, very slow
A: retaliatory headbutt, horns 2
a: Heroism, Finesse, Renounce Religion


You were on level 12 of the Dungeon.
You worshipped Okawaru.
Okawaru was exalted by your worship.
You were not hungry.

You visited 3 branches of the dungeon, and saw 19 of its levels.
You also visited: Ice Cave.

You collected 1706 gold pieces.
You spent 355 gold pieces at shops.

Inventory:

Hand Weapons
 a - a +0 war axe of freezing
 H - a +2 battleaxe of freezing (weapon)
Missiles
 g - 7 boomerangs of dispersal
 n - 6 javelins (quivered)
 s - 7 datura-tipped darts
Armour
 A - the +9 chain mail of the Prince of Darkness (worn) {rElec}
   (You found it on level 5 of the Dungeon)

   It insulates you from electricity.
 K - a +2 cloak of poison resistance (worn)
 L - the +0 pair of boots "Muril" (worn) {rC++ Int+3}
   (You bought it in a shop on level 9 of the Dungeon)

   It affects your intelligence (+3).
   It greatly protects you from cold.
 M - a +1 pair of boots of flying
 P - the +3 leather armour "Wunniwk" {-Tele rF+ rN+ rCorr}
   (You found it on level 4 of the Lair of Beasts)

   It protects you from fire.
   It protects you from negative energy.
   It prevents most forms of teleportation.
   It provides partial protection from all sources of acid and corrosion.
 S - a +0 crystal plate armour
 T - a +2 hat (worn)
Jewellery
 m - an uncursed ring of wizardry
 q - an amulet of regeneration (around neck)
 v - an uncursed amulet of rage
 y - a cursed amulet of inaccuracy {unknown}
 O - a +3 ring of protection (right hand)
 U - a ring of protection from cold (left hand)
Wands
 p - a wand of digging (14)
 w - a wand of disintegration (6)
 x - a wand of random effects (14)
 F - a wand of flame (13)
 V - a wand of iceblast (18)
Scrolls
 b - 4 scrolls of teleportation
 c - 2 scrolls of magic mapping
 i - 9 scrolls of identify
 l - 4 scrolls of fear
 r - 2 scrolls of fog
 z - 2 scrolls of enchant armour
 E - 12 scrolls of remove curse
 I - 2 scrolls of vulnerability
 R - 2 scrolls of amnesia
Potions
 e - 3 potions of agility
 h - a potion of mutation
 j - 2 potions of lignification
 k - 4 potions of curing
 t - a potion of resistance
 u - a potion of invisibility
 B - 3 potions of ambrosia
 D - a potion of might
 G - 2 potions of berserk rage
 J - 2 potions of flight {unknown}
 Q - 2 potions of cancellation {unknown}
Miscellaneous
 d - a phial of floods
 N - a phantom mirror
Comestibles
 f - 27 rations


   Skills:
 - Level 7.1 Fighting
 * Level 23.2 Axes
 - Level 10.0 Armour
   Level 6.0 Shields
 - Level 8.0 Invocations
 + Level 5.9 Evocations


You had 13 spell levels left.
You didn't know any spells.
Your spell library contained the following spells:

 Spells                   Type           Power        Failure   Level  Hunger
 Animate Skeleton         Necr           N/A          93%         1    ##.....
 Confusing Touch          Hex            #.....       93%         1    ##.....
 Corona                   Hex            #......      93%         1    ##.....
 Flame Tongue             Conj/Fire      #....        93%         1    ##.....
 Freeze                   Ice            #...         93%         1    ##.....
 Magic Dart               Conj           #...         93%         1    ##.....
 Pain                     Necr           #...         93%         1    ##.....
 Ensorcelled Hibernation  Hex/Ice        #.....       98%         2    ###....
 Poisonous Vapours        Pois/Air       #.....       98%         2    ###....
 Searing Ray              Conj           #.....       98%         2    ###....
 Throw Flame              Conj/Fire      #.....       98%         2    ###....
 Throw Frost              Conj/Ice       #.....       98%         2    ###....
 Confuse                  Hex            #.......     100%        3    ####...
 Conjure Flame            Conj/Fire      #.......     100%        3    ####...
 Dazzling Spray           Conj/Hex       #.....       100%        3    ####...
 Gell's Gravitas          Tloc           #.........   100%        3    ####...
 Inner Flame              Hex/Fire       #.......     100%        3    ####...
 Mephitic Cloud           Conj/Pois/Air  #.......     100%        3    ####...
 Ozocubu's Armour         Chrm/Ice       #.......     100%        3    ####...
 Regeneration             Chrm/Necr      #.........   100%        3    ####...
 Tukima's Dance           Hex            #.......     100%        3    ####...
 Vampiric Draining        Necr           #.........   100%        3    ####...
 Animate Dead             Necr           N/A          100%        4    #####..
 Force Lance              Conj/Tloc      #.......     100%        4    #####..
 Fulminant Prism          Conj/Hex       #.........   100%        4    #####..
 Iskenderun's Mystic Bla  Conj           #.......     100%        4    #####..
 Petrify                  Tmut/Erth      #.......     100%        4    #####..
 Sticky Flame             Conj/Fire      #.......     100%        4    #####..
 Summon Ice Beast         Ice/Summ       #.......     100%        4    #####..
 Throw Icicle             Conj/Ice       #.......     100%        4    #####..
 Fireball                 Conj/Fire      #.........   100%        5    ######.
 Metabolic Englaciation   Hex/Ice        #.........   100%        5    ######.
 Yara's Violent Unravell  Hex/Tmut       #.........   100%        5    ######.
 Freezing Cloud           Conj/Ice/Air   #.........   100%        6    #######
 Ring of Flames           Chrm/Fire      #.........   100%        7    #######


Dungeon Overview and Level Annotations

Branches:
Dungeon (12/15)            Temple (1/1) D:7            Lair (6/6) D:8
  Swamp (0/4) Lair:2        Snake (0/4) Lair:3        Slime (0/5) Lair:6
    Orc: D:9-12

Altars:
Ashenzari
Cheibriados
Dithmenos
Elyvilon
Fedhas
Gozag
Hepliaklqana
Kikubaaqudgha
Makhleb
Nemelex Xobeh
Okawaru
Qazlal
Ru
Sif Muna
Trog
Uskayaw
Vehumet
Wu Jian
Xom
Yredelemnul
Zin
The Shining One
Beogh
Jiyva

Shops:
D:5 }   D:6 !   D:9 [

Annotations:
D:10 3 runed translucent doors, hcgyg4s's ghost, journeyman OgTm
D:11 Askman's ghost, journeyman MiBe
Lair:6 2 transporters, iamserjio's ghost, journeyman OpMo


Innate Abilities, Weirdness & Mutations

You reflexively headbutt those who attack you in melee.
You have a pair of horns on your head.


Message History

The gargoyle is lightly damaged.
The gargoyle hits you with a +0 flail!
* * * LOW HITPOINT WARNING * * *
You hit the gargoyle but do no damage. Your headbutt misses the gargoyle.
The gargoyle is lightly damaged.
You slash the gargoyle! You freeze the gargoyle.
You headbutt the gargoyle, but do no damage.
The gargoyle is heavily damaged.
The gargoyle hits you but does no damage.
You barely miss the gargoyle.
You headbutt the gargoyle, but do no damage.
The gargoyle is heavily damaged.
The gargoyle hurls a stone arrow at you.
The stone arrow hits you!!
* * * LOW HITPOINT WARNING * * *
You hit the gargoyle. You freeze the gargoyle.
The gargoyle is severely damaged.
The gargoyle hurls a stone arrow at you.
The stone arrow hits you!
You die...

#...$....# ### #........#
###.### #........##
###.....### #..........
#.........# #..........
##...8...## #.#########
#..)......# #.#
###.......#####.###########
#.....<.)9@)))......^......
###.......#####............
#.........# #####........
##...8...## #........
#.........# #####........
###.....### #..).........
###.### #............ ###
#(........... #............


You could see a gargoyle.

Vanquished Creatures
  A frost giant (D:10)
  A war gargoyle (D:12)
  The ghost of Varawk the Covert, a journeyman NaWn of Gozag (Lair:2)
  3 ice dragons
  6 hydras
  4 two-headed ogres
  Nergalle (Lair:3)
  2 unseen horrors
  2 ugly things (D:11)
  A torpor snail (Lair:6)
  A black mamba (Lair:4)
  2 ice statues (IceCv)
  5 elephants
  Psyche (D:8)
  8 gargoyles
  Joseph (D:7)
  12 spiny frogs
  7 rime drakes
  A kobold demonologist (D:11)
  A tengu conjurer (D:10)
  4 komodo dragons
  12 polar bears
  22 blink frogs
  A hornet (D:10)
  3 raiju (Lair:6)
  9 hippogriffs
  3 slime creatures (Lair:2)
  15 dream sheep
  Sigmund (D:3)
  32 yaks
  4 wyverns
  6 basilisks
  A hungry ghost (D:8)
  3 steam dragons (D:7)
  6 wargs (Lair:6)
  11 water moccasins
  12 hell hounds (Lair:6)
  10 porcupines
  14 ice beasts (IceCv)
  10 orc warriors
  4 sky beasts
  11 black bears (Lair:6)
  3 necrophages
  3 phantoms
  7 ogres
  7 centaurs
  32 wolves
  16 crocodiles
  3 big kobolds (D:11)
  9 bullfrogs
  A wyvern skeleton (D:12)
  3 scorpions
  8 killer bees
  3 wights (D:11)
  A howler monkey (D:6)
  An electric eel (Lair:2)
  5 crimson imps
  3 centaur zombies
  A bullfrog zombie (D:5)
  9 jellies
  5 orc priests
  8 orc wizards
  6 hounds
  4 centaur skeletons
  A gnoll shaman (D:4)
  Terence (D:2)
  4 iguanas
  8 worker ants
  A killer bee zombie (D:8)
  2 hound skeletons
  2 worker ant zombies
  Robin (D:3)
  7 gnolls
  15 adders
  2 shadow imps
  6 oozes
  An adder skeleton (D:5)
  5 worms
  5 dart slugs
  4 leopard geckos
  35 orcs
  3 giant cockroaches
  13 goblins
  11 hobgoblins
  8 jackals
  A quokka (D:9)
  2 ball pythons
  9 bats
  3 frilled lizards
  7 kobolds
  A leopard gecko skeleton (D:5)
  A quokka skeleton (D:6)
  A quokka zombie (D:8)
  9 rats
  5 fungi
  A plant (Lair:6)
568 creatures vanquished.

Vanquished Creatures (others)
  A goblin (D:3)
  3 fungi
  13 plants
17 creatures vanquished.

Grand Total: 585 creatures vanquished

Notes
Turn   | Place    | Note
-------+----------+-------------------------------------------
     0 | D:1      | Froggeryz the Minotaur Fighter began the quest for the Orb.
     0 | D:1      | Reached XP level 1. HP: 19/19 MP: 0/0
     6 | D:1      | Noticed a redback
     6 | D:1      | Noticed a wyvern
     6 | D:1      | Noticed a black mamba
     6 | D:1      | Noticed a hog
     6 | D:1      | Noticed a swamp worm
   208 | D:1      | Reached skill level 3 in Axes
   229 | D:1      | Reached XP level 2. HP: 27/27 MP: 1/1
   741 | D:1      | Reached XP level 3. HP: 33/33 MP: 2/2
   861 | D:2      | Reached skill level 4 in Axes
  1086 | D:2      | Noticed Terence
  1098 | D:2      | Killed Terence
  1098 | D:2      | Reached XP level 4. HP: 35/41 MP: 3/3
  1157 | D:2      | Reached skill level 5 in Axes
  1560 | D:2      | Reached XP level 5. HP: 47/47 MP: 4/4
  1908 | D:3      | Found a radiant altar of Vehumet.
  1926 | D:3      | Reached skill level 5 in Fighting
  2040 | D:3      | Noticed Robin
  2066 | D:3      | Noticed Sigmund
  2069 | D:3      | Killed Robin
  2078 | D:3      | Killed Sigmund
  2078 | D:3      | Reached skill level 6 in Axes
  2078 | D:3      | Reached XP level 6. HP: 45/57 MP: 5/5
  2397 | D:3      | Reached skill level 7 in Axes
  3051 | D:4      | Reached XP level 7. HP: 59/63 MP: 6/6
  3059 | D:4      | Reached skill level 8 in Axes
  3758 | D:5      | Entered Level 5 of the Dungeon
  3875 | D:5      | Got a steaming chain mail
  3880 | D:5      | Identified the +9 chain mail of the Prince of Darkness
                  | {rElec} (You found it on level 5 of the Dungeon)
  3968 | D:5      | Reached skill level 9 in Axes
  3971 | D:5      | Found Nepnueq's Gadget Emporium.
  4263 | D:5      | Reached XP level 8. HP: 73/73 MP: 7/7
  4576 | D:6      | Reached skill level 10 in Axes
  4753 | D:6      | Found Peghoman's Distillery.
  4783 | D:6      | Bought a potion of degeneration for 12 gold pieces
  4783 | D:6      | Bought a potion of lignification for 36 gold pieces
  4783 | D:6      | Bought a potion of heal wounds for 60 gold pieces
  5157 | D:6      | Reached skill level 11 in Axes
  5344 | D:7      | Found a staircase to the Ecumenical Temple.
  5361 | Temple   | Entered the Ecumenical Temple
  5404 | Temple   | Became a worshipper of Warmaster Okawaru
  5503 | D:7      | Reached skill level 12 in Axes
  5665 | D:7      | Reached XP level 9. HP: 74/79 MP: 8/8
  5684 | D:7      | Reached * piety under Okawaru
  6008 | D:7      | Noticed Joseph
  6023 | D:7      | Killed Joseph
  6023 | D:7      | Reached skill level 13 in Axes
  6305 | D:8      | Reached ** piety under Okawaru
  6308 | D:8      | Reached skill level 14 in Axes
  6660 | D:8      | Noticed Psyche
  6663 | D:8      | Killed Psyche
  6663 | D:8      | Reached skill level 5 in Shields
  6716 | D:8      | Reached *** piety under Okawaru
  6716 | D:8      | Reached XP level 10. HP: 56/86 MP: 9/9
  6851 | D:8      | Reached skill level 15 in Axes
  6855 | D:8      | Found a staircase to the Lair.
  6855 | D:8      | Noticed an elephant
  6865 | D:8      | Killed an elephant
  7132 | D:9      | Reached **** piety under Okawaru
  7141 | D:9      | Noticed a two-headed ogre
  7150 | D:9      | Killed a two-headed ogre
  7150 | D:9      | Reached skill level 5 in Armour
  7338 | D:9      | Reached skill level 16 in Axes
  7375 | D:9      | Reached ***** piety under Okawaru
  7575 | D:9      | Reached XP level 11. HP: 74/92 MP: 10/10
  7594 | D:9      | Found Tieruaz's Antique Armour Boutique.
  7597 | D:9      | Bought a pair of steaming boots for 247 gold pieces
  7597 | D:9      | Identified the +0 pair of boots "Muril" {rC++ Int+3} (You
                  | bought it in a shop on level 9 of the Dungeon)
  7734 | D:9      | Noticed a two-headed ogre
  7742 | D:9      | Killed a two-headed ogre
  7742 | D:9      | Reached skill level 17 in Axes
  7935 | D:10     | Entered Level 10 of the Dungeon
  8013 | D:10     | Received a gift from Okawaru
  8327 | D:10     | Found a large runed translucent door.
  8336 | D:10     | Found a large runed translucent door.
  8344 | D:10     | Killed an unseen horror
  8365 | D:10     | Found a runed translucent gate.
  8365 | D:10     | Found a runed translucent gate.
  8365 | D:10     | Found a runed translucent gate.
  8368 | D:10     | Noticed a ten-headed hydra
  8368 | D:10     | Noticed hcgyg4s's ghost (journeyman OgTm)
  8368 | D:10     | Noticed a nine-headed hydra
  8408 | D:10     | Found an ancient bone altar of Kikubaaqudgha.
  8408 | D:10     | Noticed a frost giant
  8411 | D:10     | Found a glowing golden altar of the Shining One.
  8427 | D:10     | Killed a frost giant
  8427 | D:10     | Reached skill level 18 in Axes
  8948 | Lair:1   | Entered Level 1 of the Lair of Beasts
  9082 | Lair:1   | Noticed a five-headed hydra
  9436 | Lair:2   | Found a staircase to the Swamp.
  9465 | Lair:2   | Reached XP level 12. HP: 72/100 MP: 11/11
  9614 | Lair:2   | Reached skill level 10 in Armour
  9692 | Lair:2   | Reached skill level 1 in Invocations
  9734 | Lair:2   | Found a runed translucent gate.
  9735 | Lair:2   | Found a runed translucent gate.
  9736 | Lair:2   | Found a runed translucent gate.
  9738 | Lair:2   | Found a viscous altar of Jiyva.
  9738 | Lair:2   | Noticed Varawk's ghost (journeyman NaWn)
  9792 | Lair:2   | Reached skill level 19 in Axes
 10150 | Lair:3   | Found a staircase to the Snake Pit.
 10152 | Lair:3   | Noticed Nergalle
 10169 | Lair:3   | Killed Nergalle
 10169 | Lair:3   | Reached ****** piety under Okawaru
 10169 | Lair:3   | Received a gift from Okawaru
 11588 | Lair:4   | Noticed a seven-headed hydra
 11776 | Lair:4   | Got a faintly humming leather armour
 11809 | Lair:4   | Found a frozen archway.
 11809 | Lair:4   | Noticed an ice dragon
 11863 | Lair:4   | Killed an ice dragon
 11863 | Lair:4   | Reached skill level 20 in Axes
 11863 | Lair:4   | Reached skill level 5 in Invocations
 11911 | IceCv    | Entered an ice cave
 12477 | IceCv    | Received a gift from Okawaru
 12495 | IceCv    | Noticed an ice dragon
 12495 | IceCv    | Noticed an ice dragon
 12511 | IceCv    | Killed an ice dragon
 12518 | IceCv    | Killed an ice dragon
 12518 | IceCv    | Reached XP level 13. HP: 105/105 MP: 16/16
 12619 | IceCv    | Identified the +3 leather armour "Wunniwk" {-Tele rF+ rN+
                  | rCorr} (You found it on level 4 of the Lair of Beasts)
 13346 | Lair:4   | Received a gift from Okawaru
 13969 | Lair:5   | Received a gift from Okawaru
 13969 | Lair:5   | Reached skill level 21 in Axes
 14958 | Lair:5   | Got a translucent chain mail
 14959 | Lair:5   | Identified the cursed +1 chain mail of Mopleass {Int+3
                  | Stlth+} (You found it on level 5 of the Lair of Beasts)
 14986 | Lair:6   | Entered Level 6 of the Lair of Beasts
 15034 | Lair:6   | Reached skill level 1 in Evocations
 15047 | Lair:6   | Received a gift from Okawaru
 15275 | Lair:6   | Received a gift from Okawaru
 15301 | Lair:6   | Found a transporter.
 15310 | Lair:6   | Noticed iamserjio's ghost (journeyman OpMo)
 15459 | Lair:6   | Found a transporter.
 15477 | Lair:6   | Reached skill level 22 in Axes
 15552 | Lair:6   | Found a staircase to the Slime Pits.
 15742 | Lair:6   | Reached XP level 14. HP: 113/113 MP: 19/19
 16654 | Lair:2   | Killed Varawk's ghost
 17411 | D:11     | Received a gift from Okawaru
 17602 | D:11     | Reached skill level 5 in Evocations
 17915 | D:11     | Reached skill level 23 in Axes
 18050 | D:12     | Found a runed translucent gate.
 18051 | D:12     | Found a runed translucent gate.
 18052 | D:12     | Found a roughly hewn altar of Beogh.
 18052 | D:12     | Found a runed translucent gate.
 18053 | D:12     | Noticed Askman's ghost (journeyman MiBe)
 18054 | D:12     | Identified the +10 glaive of the Traitor {chop, rF+ MP+9
                  | Str+3}
 18054 | D:12     | Identified the +2 chain mail of Circular Logic {rPois rN++
                  | Str-4}
 18211 | D:12     | Noticed a war gargoyle
 18390 | D:12     | Killed a war gargoyle
 18408 | D:12     | HP: 1/113 [gargoyle/stone arrow (19)]
 18409 | D:12     | Killed from afar by a gargoyle

Levels and vault maps discovered:
D:1:      onia_arrival_zoo_common, layout_loops_ring
D:2:      layout_loops_ring, first_ration, serial_forest,
          infiniplex_forest_clump_small, infiniplex_forest_split,
          infiniplex_forest_clump_small, infiniplex_forest_straight_4,
          infiniplex_forest_end_3, infiniplex_forest_lined_room_2,
          infiniplex_forest_clump_diagonal, infiniplex_forest_clump_C,
          infiniplex_forest_zigzag_1, infiniplex_forest_zigzag_1,
          kennysheep_generic_room_8, uniq_terence
D:3:      layout_loops_ring, fiery_altar_vehumet, uniq_sigmund, uniq_robin
D:4:      layout_cave_pods
D:5:      layout_cave_pods, serial_shops, shop
D:6:      layout_loops_ring, serial_shops, shop_fountains, minmay_misc_feat_iff,
          kennysheep_dice
D:7:      cheibrodos_steamvent, layout_basic, temple_statues, uniq_joseph
D:8:      layout_basic, david_lair_generic, hangedman_little_slice_of_home,
          uniq_psyche
D:9:      layout_irregular_city, serial_shops, kennysheep_mini,
          minmay_misc_feat_alley, minmay_starry_boxes
D:10:     layout_loops_ring, gammafunk_ghost_hydra_chop, jmf_multi_god_temple2
D:11:     layout_small_grid
D:12:     gargoyle_guard, layout_long_grid, erik_orc_1,
          biasface_ghost_orc_armoury, serial_shops, nicolae_shop_trees,
          minivault_28, uniq_maurice
Temple:   nicolae_temple_the_god_donut
Lair:1:   layout_gridlike, st_stairs_6, infiniplex_staircase_pool,
          grunt_megastairs_4
Lair:2:   layout_chaotic_city, swamp_mist_pool, gammafunk_ghost_ooze,
          nicolae_quartered_pool_super, beast_lair_carwin_7
Lair:3:   layout_layer_cave, dummy_snake_entry, uniq_nergalle
Lair:4:   layout_layer_cave, portal_ice_cave_entry_animals_and_master
Lair:5:   layout_roguey, hangedman_lair_unloving_vines, serial_bayou_shore_b,
          grunt_megastairs_3
Lair:6:   hangedman_lair_caniforms_friends, layout_misc_corridors,
          dpeg_slime_entry_corner, gammafunk_ghost_berserking_beasts

Skill      XL: |  1  2  3  4  5  6  7  8  9 10 11 12 13 14 |
---------------+-------------------------------------------+-----
Axes           | 3 4 5 6 7 9 12 14 16 18 20 22 23 | 23.2
Fighting       | 4 5 6 7 |  7.1
Shields        | 5 6 |  6.0
Armour         | 7 9 10 | 10.0
Invocations    | 5 8 |  8.0
Evocations     | 2 5 |  5.9

Action                   |  1- 3 |  4- 6 |  7- 9 | 10-12 | 13-15 || total
-------------------------+-------+-------+-------+-------+-------++-------
Melee: War axe           |    80 |   136 |   294 |   648 |    77 ||  1235
       Headbutt          |     8 |    21 |    67 |   177 |   147 ||   420
       Battleaxe         |       |       |       |       |   499 ||   499
Throw: Javelin           |       |       |       |       |     1 ||     1
Evoke: Wand              |       |       |     2 |     6 |    37 ||    45
  Use: Scroll            |     1 |     6 |     2 |    15 |     9 ||    33
       Potion            |     1 |     1 |       |     6 |     1 ||     9
 Stab: Confused          |       |       |       |     2 |       ||     2
  Eat: Chunk             |     1 |     6 |    13 |    19 |    14 ||    53
       Ration            |       |       |       |       |     2 ||     2
Armor: Scale mail        |    44 |    65 |     6 |       |       ||   115
       Chain mail        |       |       |   138 |   311 |   356 ||   805
Dodge: Dodged            |    33 |    26 |    74 |   162 |   186 ||   481
Block: Shield            |    42 |    67 |    45 |       |       ||   154
       Buckler           |       |       |    36 |   142 |    16 ||   194

Table legend:
 A = Non-vault XP
 B = Vault XP
 C = Vault XP percentage of total XP
 D = Non-vault monster count
 E = Vault monster count
 F = Vault count percentage of total count
                 A         B        C        D         E       F
            +---------+---------+-------+---------+---------+-------
      Total |   54789 |   35146 |  39.1 |     405 |     157 |  27.9
            +---------+---------+-------+---------+---------+-------
        D:1 |      43 |       0 |   0.0 |      24 |       0 |   0.0
        D:2 |     126 |      41 |  24.6 |      28 |       3 |   9.7
        D:3 |      78 |     265 |  77.3 |      15 |      12 |  44.4
        D:4 |     424 |       0 |   0.0 |      12 |       0 |   0.0
        D:5 |     571 |       0 |   0.0 |      15 |       0 |   0.0
        D:6 |     547 |       0 |   0.0 |      18 |       0 |   0.0
        D:7 |     907 |     907 |  50.0 |      20 |       4 |  16.7
        D:8 |    1594 |    1624 |  50.5 |      27 |      13 |  32.5
        D:9 |    4886 |    1065 |  17.9 |      45 |       6 |  11.8
       D:10 |    1654 |    3218 |  66.1 |      15 |       6 |  28.6
       D:11 |    6279 |     830 |  11.7 |      35 |       2 |   5.4
       D:12 |     975 |    3969 |  80.3 |       2 |      12 |  85.7
     Lair:1 |    3450 |     473 |  12.1 |      16 |       2 |  11.1
     Lair:2 |    4337 |    2398 |  35.6 |      20 |       9 |  31.0
     Lair:3 |    1179 |     812 |  40.8 |       7 |       1 |  12.5
     Lair:4 |    8934 |    2771 |  23.7 |      32 |       8 |  20.0
     Lair:5 |    8952 |    1536 |  14.6 |      44 |       3 |   6.4
     Lair:6 |    9853 |    9841 |  50.0 |      30 |      56 |  65.1
      IceCv |       0 |    5396 | 100.0 |       0 |      20 | 100.0
            +---------+---------+-------+---------+---------+-------
